 Dungeon Crawl Stone Soup version 0.18.1-6-gd335043 (webtiles) character file.

70 lightmor the Ruffian (level 4, 0/42 HPs)
             Began as a Naga Monk on May 15, 2016.
             Slain by Ijyb
             ... wielding a +9 club
              (6 damage)
             ... on level 3 of the Dungeon.
             The game lasted 00:06:55 (1953 turns).

lightmor the Ruffian (Naga Monk)                    Turns: 1953, Time: 00:06:55

Health: 0/42       AC:  2    Str: 14    XL:     4   Next: 22%
Magic:  4/4        EV: 10    Int: 11    God:
Gold:   123        SH:  0    Dex: 11    Spells: 0 memorised, 3 levels left

rFire  . . .     SeeInvis +       - Unarmed
rCold  . . .     Gourm    .     a - +0 robe
rNeg   . . .     Faith    .     (no shield)
rPois  +         Spirit   .     (no helmet)
rElec  .         Dismiss  .     (no cloak)
rCorr  .         Reflect  .     (no gloves)
SustAt .         Harm     .     (no barding)
MR     .....                    (no amulet)
Stlth  +++.......               (no ring)
                                (no ring)

@: very slow, not resistant to hostile enchantments, fairly stealthy
A: claws 1, see invisible, clumsy 1, deformed body, poison resistance, slowness
2, slow metabolism 1, spit poison 2, AC +1
a: Spit Poison


You were on level 3 of the Dungeon.
You were not hungry.

You visited 1 branch of the dungeon, and saw 3 of its levels.

You collected 123 gold pieces.

Inventory:

Missiles
 e - 10 poisoned needles
Armour
 a - a +0 robe (worn)
Scrolls
 f - 2 scrolls of amnesia
 h - a scroll of recharging
 i - a scroll of remove curse {unknown}
 l - a scroll of immolation {unknown}
Potions
 d - a potion of haste
Comestibles
 b - 2 bread rations
 g - 6 chunks of flesh
 j - a slice of pizza


   Skills:
 - Level 3.0 Fighting
 - Level 2.4 Dodging
 + Level 4.4 Stealth
 * Level 5.2 Unarmed Combat


You had 3 spell levels left.
You didn't know any spells.

Dungeon Overview and Level Annotations

Branches:
Dungeon (3/15)

Altars:

Annotations:
D:3 Ijyb


Innate Abilities, Weirdness & Mutations

You cannot wear boots.
Your serpentine skin is tough (AC +1).
You have supernaturally acute eyesight.
Armour fits poorly on your strangely shaped body.
Your system is resistant to poisons.
You cover ground very slowly.
You have a slow metabolism.
You can spit poison.
You have sharp fingernails.
You are clumsy. (Dex -2)


Message History

Ijyb hits you with an enchanted club.
You feel less invigorated.
You feel less confused.
You have got your breath back.
Ijyb hits you with an enchanted club!
You closely miss Ijyb.
Ijyb is almost dead.
Ijyb misses you.
You scratch Ijyb.
Ijyb is almost dead.
Ijyb hits you with an enchanted club.
* * * LOW HITPOINT WARNING * * *
You closely miss Ijyb.
Ijyb is almost dead.
Ijyb hits you with an enchanted club!
* * * LOW HITPOINT WARNING * * *
Drink which item? (? for menu, Esc to quit)
It was a potion of curing.
You feel better. Ijyb hits you with an enchanted club.
You die...

######## ##......##
##........## ###
#..........###...
#..............####
#.@........##......
#g.................
#..........##......
##.........).......
#..........)#####..
#..........)<.#
#..........##.#
#..........# .#
#..........# ..


You could see Ijyb.

Vanquished Creatures
  2 adders (D:2)
  A worm (D:2)
  2 dart slugs (D:1)
  3 giant geckos
  3 orcs (D:3)
  6 bats
  2 giant cockroaches (D:1)
  5 goblins
  3 hobgoblins
  4 kobolds
  3 giant newts
  5 rats
39 creatures vanquished.

Notes
Turn   | Place    | Note
--------------------------------------------------------------
     0 | D:1      | lightmor the Naga Monk began the quest for the Orb.
     0 | D:1      | Reached XP level 1. HP: 21/21 MP: 1/1
   307 | D:1      | Reached XP level 2. HP: 24/28 MP: 2/2
   946 | D:2      | Reached XP level 3. HP: 31/34 MP: 3/3
  1529 | D:2      | Reached skill level 5 in Unarmed Combat
  1562 | D:2      | Reached XP level 4. HP: 42/42 MP: 4/4
  1821 | D:2      | Gained mutation: You are clumsy. (Dex -2) [potion of mutation]
  1821 | D:2      | Gained mutation: You have sharp fingernails. [potion of mutation]
  1932 | D:3      | Noticed Ijyb
  1952 | D:3      | HP: 1/42 [Ijyb/enchanted club (9)]
  1953 | D:3      | Slain by Ijyb

Skill      XL: |  1  2  3 |
---------------+----------+-----
Stealth        | 4 |  4.4
Unarmed Combat | 5 |  5.2
Fighting       | |  3.0
Dodging        | |  2.4

Action                   |  1- 3 |  4- 6 || total
-------------------------+-------+-------++-------
Melee: Unarmed           |    46 |    25 ||    71
       Punch             |     1 |       ||     1
 Abil: Spit Poison       |    31 |     5 ||    36
  Use: Scroll            |     3 |     2 ||     5
       Potion            |       |     3 ||     3
 Stab: Sleeping          |       |     1 ||     1
  Eat: Chunk             |     3 |     1 ||     4
Armor: Robe              |     7 |       ||     7
Dodge: Dodged            |    30 |    12 ||    42
